 Dungeon Crawl Stone Soup version 0.26-a0-83-g7ccd015ce0 (webtiles) character file.

Game seed: 11911100036242101410

217 bmfx the Stinger (level 5, -6/24 HPs)
             Began as a Vine Stalker Venom Mage on June 16, 2020.
             Killed by divine providence
             ... invoked by an orc priest
              (13 damage)
             ... on level 4 of the Dungeon.
             The game lasted 00:07:20 (3932 turns).

bmfx the Stinger (Vine Stalker Venom Mage)          Turns: 3932, Time: 00:07:20

Health: -6/24      AC:  8    Str: 12    XL:     5   Next: 94%
Magic:  0/12       EV: 12    Int: 15    God:
Gold:   183        SH:  0    Dex: 14    Spells: 3/12 levels left

rFire    . . .     SeeInvis .   n - +5 dagger
rCold    . . .     Gourm    .   (no shield)
rNeg     . . .     Faith    .   a - +0 robe
rPois    .         Spirit   +   (no helmet)
rElec    .         Reflect  .   f - +2 cloak
rCorr    .         Harm     .   i - +2 pair of gloves
MR       .....                  (no boots)
Stlth    ++........             (no amulet)
HPRegen  0.48/turn              (no ring)
MPRegen  0.13/turn              (no ring)

@: no status effects
A: fangs 2, regeneration 1, magic shield, antimagic bite, no potion heal 3, rot
immunity
a: no special abilities


You were on level 4 of the Dungeon.
You were not hungry.

You visited 1 branch of the dungeon, and saw 4 of its levels.

You collected 183 gold pieces.


Innate Abilities, Weirdness & Mutations

You have extremely sharp teeth.
Your natural rate of healing is unusually fast.
When hurt, damage is shared between your health and your magic reserves.
Your bite disrupts and absorbs the magic of your enemies.
Potions cannot restore your health.
You are immune to rotting.

Dungeon Overview and Level Annotations

Branches:
Dungeon (4/15)
 Temple: D:4-7

Altars:


   Skills:
 - Level 1.5 Dodging
 - Level 2.4 Stealth
 - Level 4.0 Spellcasting
 + Level 1.5 Conjurations
 - Level 1.0 Transmutations
 + Level 1.7 Air Magic
 + Level 4.6 Poison Magic


You had 3 spell levels left.
You knew the following spells:

 Your Spells              Type           Power        Failure   Level  Hunger
A - Sting                 Tmut/Pois      ##..         6%          1    None
B - Poisonous Vapours     Pois/Air       ##....       8%          2    ##.....
C - Ignite Poison         Fire/Tmut/Pois #.......     26%         3    ###....
D - Mephitic Cloud        Conj/Pois/Air  ##......     19%         3    ###....

Your spell library contained the following spells:

 Spells                   Type           Power        Failure   Level  Hunger
 Olgreb's Toxic Radiance  Pois           ###.....     26%         4    ####...

Action                   |  1- 3 |  4- 6 || total
-------------------------+-------+-------++-------
Melee: Unarmed           |     9 |       ||     9
       Bite              |     3 |     6 ||     9
       Halberd           |     1 |       ||     1
       Dagger            |       |    26 ||    26
 Cast: Sting             |    20 |     1 ||    21
       Poisonous Vapours |    27 |    69 ||    96
  Use: Scroll            |     1 |     5 ||     6
 Stab: Sleeping          |       |     1 ||     1
  Eat: Chunk             |     3 |     8 ||    11
       Ration            |       |     1 ||     1
Armor: Robe              |     8 |     5 ||    13
Dodge: Dodged            |    17 |    18 ||    35

Skill      XL: |  1  2  3  4  5 |
---------------+----------------+-----
Spellcasting   | 3 4 |  4.0
Poison Magic   | 4 |  4.6
Conjurations   | 1 |  1.5
Air Magic      | 1 |  1.7
Dodging        | |  1.5
Stealth        | |  2.4
Transmutations | |  1.0

Inventory:

Hand Weapons
 n - a +5 dagger (weapon)
Armour
 a - a +0 robe (worn)
 f - a +2 cloak (worn)
 g - a +0 ring mail
 i - a +2 pair of gloves (worn)
 m - a +0 buckler
Jewellery
 r - an uncursed ring of fire
Scrolls
 b - a scroll of remove curse {@r4}
 p - 3 scrolls of magic mapping
 q - a scroll of fear {unknown}
 u - a scroll of teleportation {unknown}
Potions
 d - a potion of mutation
 e - a potion of haste {unknown}
 h - a potion of lignification {unknown}
 k - a potion of ambrosia {unknown}
 l - a potion of brilliance {unknown}
 t - a potion of magic {unknown}
 v - a potion of berserk rage {unknown}
Comestibles
 c - 6 rations
 j - a chunk of flesh {@w1}

##### #..# ##...##
#..########
#..#..####..........
#.###.......###.####
#..#..#####.# #.#
##.(.## #...# #.#
##(## #.#.# #.# #.#
#.#.# #.# #@# #.#.#
#.# #.# #.#.# #.#
#)# #.#.###.# #o#
#.#.....# #)#
#.#.#####
######o#####.#[#
#..........#.#.#
#o#####.##o#.#.##
#)# #....###


You could see an orc priest (very poisoned) and an orc.

Vanquished Creatures
  An orc priest (D:3)
  An orc wizard (D:4)
  A worker ant (D:4)
  A gnoll (D:1)
  3 adders
  3 oozes
  3 worms
  3 dart slugs (D:1)
  2 leopard geckos
  8 orcs
  5 bats
  4 goblins
  8 hobgoblins
  11 kobolds
  A quokka (D:2)
  2 ball pythons
  A frilled lizard (D:1)
  11 rats
69 creatures vanquished.

Levels and vault maps discovered:
D:1:      wander_arrival_fairy_ring, layout_basic
D:2:      layout_loops_corners
D:3:      layout_rooms, first_ration
D:4:      layout_loops_ring, lemuel_blue_sif_altar


Message History

The orc priest looks even sicker.
Casting: Poisonous Vapours (safe; 8% risk of failure)
Confirm with . or Enter, or press ? or * to list all spells.
Aiming: Poisonous Vapours (safe; 8% risk of failure)
Press: ? - help, Dir - move target cursor, f/p - orc priest
Aim: an orc priest, wielding a +0 short sword (lightly wounded, very poisoned) Poisonous vapours surround the orc priest!
The orc throws a javelin.
The javelin misses you.
The orc priest is engulfed in poison gas.
The orc priest looks even sicker.
The orc priest invokes the aid of Beogh against you.
Beogh smites you!
Ouch! That really hurt!
* * * LOW HITPOINT WARNING * * *
You aren't carrying any items that you can evoke.
Unknown command.
The orc priest calls down the wrath of Beogh upon you.
Beogh smites you!
Ouch! That really hurt!
You die...

Notes
Turn   | Place    | Note
-------+----------+-------------------------------------------
     0 | D:1      | bmfx the Vine Stalker Venom Mage began the quest for the
                  | Orb.
     0 | D:1      | Reached XP level 1. HP: 9/9 MP: 4/4
   371 | D:1      | Reached XP level 2. HP: 13/13 MP: 3/6
   375 | D:1      | Learned a level 2 spell: Poisonous Vapours
   758 | D:1      | Reached XP level 3. HP: 16/16 MP: 5/8
  1583 | D:2      | Gained mutation: Your natural rate of healing is unusually
                  | fast. [Vine Stalker growth]
  1583 | D:2      | Reached XP level 4. HP: 21/21 MP: 1/10
  1742 | D:2      | Learned a level 3 spell: Ignite Poison
  1746 | D:2      | Learned a level 3 spell: Mephitic Cloud
  3075 | D:3      | Reached XP level 5. HP: 13/24 MP: 1/11
  3236 | D:3      | Reached skill level 1 in Conjurations
  3310 | D:3      | Reached skill level 1 in Air Magic
  3932 | D:4      | Killed from afar by an orc priest
